 Dungeon Crawl Stone Soup version 0.26-a0-394-g0b5ff556b1 (webtiles) character file.

Game seed: 3091475113674128887

262 KristoblXynda the Ruffian (level 5, -7/53 HPs)
             Began as a Troll Delver on July 23, 2020.
             Mangled by an ogre
             ... wielding a +0 giant spiked club
              (24 damage)
             ... on level 5 of the Dungeon.
             The game lasted 00:01:34 (342 turns).

KristoblXynda the Ruffian (Troll Delver)             Turns: 342, Time: 00:01:35

Health: -7/53      AC:  6    Str: 20    XL:     5   Next: 97%
Magic:  4/4        EV: 10    Int:  7    God:
Gold:   29         SH:  0    Dex: 11    Spells: 4/4 levels left

rFire    . . .     SeeInvis .     - Unarmed
rCold    . . .     Faith    .   (no shield)
rNeg     . . .     Spirit   .   a - +0 robe
rPois    .         Reflect  .   (helmet restricted)
rElec    .         Harm     .   (no cloak)
rCorr    .                      (gloves unavailable)
MR       .....                  (boots unavailable)
Stlth    ++........             (no amulet)
HPRegen  0.57/turn              (no ring)
MPRegen  0.09/turn              (no ring)

@: no status effects
A: large, unfitting armour, claws 3, regeneration 1, shaggy fur 1, tough skin 3
a: no special abilities


You were on level 5 of the Dungeon.
You visited 1 branch of the dungeon, and saw 1 of its levels.

You collected 29 gold pieces.

Inventory:

Armour
 a - a +0 robe (worn)
Wands
 f - a wand of digging (3)
 g - a wand of iceblast (8)
Scrolls
 b - a scroll of fog
 c - 2 scrolls of magic mapping
 d - a scroll of fear
Potions
 e - a potion of haste
 h - a potion of cancellation {unknown}


   Skills:
 + Level 3.4 Fighting
 + Level 2.9 Dodging
 - Level 2.7 Stealth
 * Level 4.6 Unarmed Combat


You had 4 spell levels left.
You didn't know any spells.
Your spell library was empty.

Dungeon Overview and Level Annotations

Branches:
Dungeon (5/15)
 Temple: D:4-7

Altars:


Innate Abilities, Weirdness & Mutations

You are too large for most types of armour.
You have claws for hands.
Your natural rate of healing is unusually fast.
You are covered in fur. (AC +1)
You have extremely tough skin. (AC +3)


Message History

You see here 2 gluggy blue potions.
Found a stone staircase leading up.
Found a club.
Evoke which item? (* to show all) (? for menu, Esc to quit)
Press: ? - help, Shift-Dir - straight line The mass of ice explodes!
The iceblast engulfs the ogre!
The ogre is moderately wounded.
The iceblast engulfs the hound!
The hound is severely wounded.
The ogre hits you with a +0 giant spiked club!
Unknown command.
Evoke which item? (* to show all) (? for menu, Esc to quit)
Aiming: Iceblast
Press: ? - help, Shift-Dir - straight line The mass of ice explodes!
The iceblast engulfs the hound!
You kill the hound!
The iceblast engulfs the ogre!
The ogre is severely wounded.
The ogre hits you with a +0 giant spiked club!!
You die...

#..)....## ##.#.# #........##
###..#.#
##.....#..######....(.#
##....##..##..<..###.#
########..##....#.### #.#
#....###......###)# #.#
#....##.....#.....# J###
#....÷...†.....#### >.#
#....#......@..# #.#
#....#.......O†##########.###
#....##.....##.#.h...!..†....
#....#.......#...#########.##
##.###.......###.# #... #.#
#.......# ..# .... #.#
##.....###... ..... #.#
##....# ..... ...... #.#
###.......... ..?....


You could see an ogre.

Vanquished Creatures
  A sky beast (D:5)
  An orc wizard (D:5)
  An orc priest (D:5)
  2 hounds (D:5)
  A jelly (D:5)
  An adder (D:5)
  2 oozes (D:5)
  A leopard gecko (D:5)
  3 orcs (D:5)
  A quokka (D:5)
  A jackal zombie (D:5)
  A quokka skeleton (D:5)
16 creatures vanquished.

Notes
Turn   | Place    | Note
-------+----------+-------------------------------------------
     0 | D:5      | KristoblXynda the Troll Delver began the quest for the Orb.
     0 | D:5      | Reached XP level 1. HP: 22/22 MP: 0/0
     6 | D:5      | Noticed a hound
    13 | D:5      | Killed a hound
    13 | D:5      | Reached XP level 2. HP: 29/29 MP: 1/1
   128 | D:5      | Reached XP level 3. HP: 36/36 MP: 2/2
   168 | D:5      | Reached skill level 3 in Unarmed Combat
   190 | D:5      | Reached XP level 4. HP: 24/45 MP: 3/3
   302 | D:5      | Noticed a sky beast
   309 | D:5      | Noticed an ogre
   315 | D:5      | Reached skill level 4 in Unarmed Combat
   315 | D:5      | Reached XP level 5. HP: 50/53 MP: 4/4
   327 | D:5      | Killed a sky beast
   342 | D:5      | Mangled by an ogre

Illustrated notes

Levels and vault maps discovered:
D:5:      layout_rooms

Skill      XL: |  1  2  3  4 |
---------------+-------------+-----
Dodging        | 2 |  2.9
Unarmed Combat | 3 4 |  4.6
Fighting       | 3 |  3.4
Stealth        | |  2.7

Action                   |  1- 3 |  4- 6 || total
-------------------------+-------+-------++-------
Melee: Unarmed           |    15 |    19 ||    34
Evoke: Wand              |       |     3 ||     3
 Stab: Distracted        |     1 |       ||     1
Armor: Robe              |     5 |     3 ||     8
Dodge: Dodged            |     5 |     3 ||     8

Table legend: (Time is in decaauts)
 A = Elapsed time spent in this place.
 B = Non-inter-level travel time spent in this place.
 C = Inter-level travel time spent in this place.
 D = Time resting spent in this place.
 E = Time spent auto-exploring this place.
 F = Levels seen in this place.
 G = Mean time per level.
                   A        B        C        D        E       F      G
               +--------+--------+--------+--------+--------+-----+--------+
         Total |    340 |    340 |      0 |    157 |     36 |   1 |  340.0 |
       Dungeon |    340 |    340 |      0 |    157 |     36 |   1 |  340.0 |
               +--------+--------+--------+--------+--------+-----+--------+

Top non-repeatable levels by time:
     D:5: 340 daAuts
